[ AOE2 MATCH · #471459040 ]
1v1 RMJapanese vs Mongols
Player's team · LOSS
Rival team · WIN
[ REPLAY ANALYSIS · EXTRACTED FROM THE RECORDED GAME ]
Feudal
11:17
Castle
21:17
Imperial
—
| APM avg | 24.1 |
| APM peak | 70 |
| eAPM avg | 14.5 |
| Villagers / military | 114 / 65 |
Focus
⚔️ 28.9% · 🌾 71.1%
Militia ×55 · Scorpion ×5 · Mangonel ×3 · Monk ×2
Feudal
9:34
Castle
20:22
Imperial
39:01
| APM avg | 27.2 |
| APM peak | 69 |
| eAPM avg | 14.7 |
| Villagers / military | 118 / 63 |
Focus
⚔️ 24.7% · 🌾 75.3%
Militia ×38 · Archer ×23 · Trebuchet (Packed) ×2
Match map
Initial resources + every placement click. Lines = walls · curves = elevation contours. ◆ gold · ⬟ stone · ● berries · ✦ relic · ◌ wall gap
Inputs per minute
— Hingle_McCringleberry - - henrylinodopto
Build order — Hingle_McCringleberry
First 150 of 323 actions detected
| 0:00 | Create | Villager (Male) |
| 0:01 | Create | Villager (Male) |
| 0:02 | Build | House |
| 0:04 | Build | House |
| 0:21 | Create | Villager (Male) |
| 0:21 | Create | Villager (Male) |
| 1:28 | Create | Villager (Male) |
| 1:28 | Create | Villager (Male) |
| 1:56 | Build | Lumber Camp |
| 2:22 | Create | Villager (Male) |
| 2:22 | Create | Villager (Male) |
| 2:46 | Create | Villager (Male) |
| 2:47 | Create | Villager (Male) |
| 2:47 | Create | Villager (Male) |
| 3:09 | Create | Villager (Male) |
| 3:42 | Create | Villager (Male) |
| 4:02 | Create | Villager (Male) |
| 4:05 | Build | House |
| 4:07 | Build | House |
| 4:36 | Build | Mill |
| 4:46 | Research | Loom |
| 4:46 | Create | Villager (Male) |
| 4:50 | Build | Palisade Wall |
| 4:51 | Build | Palisade Wall |
| 4:55 | Build | House |
| 5:00 | Build | Palisade Wall |
| 5:01 | Build | Palisade Wall |
| 5:02 | Build | Palisade Wall |
| 5:21 | Create | Villager (Male) |
| 5:58 | Build | Mill |
| 6:02 | Create | Villager (Male) |
| 6:32 | Create | Villager (Male) |
| 6:54 | Build | Palisade Wall |
| 6:57 | Create | Villager (Male) |
| 7:05 | Build | Lumber Camp |
| 7:23 | Create | Villager (Male) |
| 7:53 | Create | Villager (Male) |
| 8:18 | Create | Villager (Male) |
| 8:23 | Build | Barracks |
| 8:26 | Build | House |
| 8:28 | Build | House |
| 8:40 | Build | House |
| 8:42 | Build | House |
| 8:50 | Build | House |
| 8:54 | Build | Palisade Wall |
| 8:58 | Build | Palisade Wall |
| 9:07 | Research | Feudal Age |
| 9:14 | Build | Palisade Wall |
| 9:16 | Build | Palisade Wall |
| 9:20 | Build | Mining Camp |
| 9:29 | Create | Militia |
| 9:30 | Create | Militia |
| 9:59 | Build | Farm |
| 10:02 | Build | Farm |
| 10:39 | Build | House |
| 10:42 | Build | House |
| 10:57 | Build | Farm |
| 11:04 | Build | House |
| 11:09 | Build | House |
| 11:14 | Build | Palisade Wall |
| 11:17 | Age | Feudal Age |
| 11:18 | Create | Villager (Male) |
| 11:39 | Create | Villager (Male) |
| 11:42 | Build | Farm |
| 11:44 | Build | Farm |
| 12:09 | Create | Villager (Male) |
| 12:10 | Research | Man-at-Arms (upgrade) |
| 12:39 | Create | Villager (Male) |
| 12:40 | Create | Villager (Male) |
| 12:45 | Build | Farm |
| 13:11 | Create | Villager (Male) |
| 13:18 | Build | Palisade Wall |
| 13:24 | Create | Villager (Male) |
| 13:29 | Build | Farm |
| 13:35 | Build | Market |
| 13:42 | Create | Villager (Male) |
| 13:46 | Build | Farm |
| 13:49 | Research | Horse Collar |
| 13:51 | Research | Double-Bit Axe |
| 14:20 | Create | Villager (Male) |
| 14:24 | Build | Farm |
| 14:26 | Create | Villager (Male) |
| 14:36 | Create | Villager (Male) |
| 14:42 | Build | House |
| 14:44 | Build | House |
| 14:53 | Build | House |
| 14:57 | Build | Palisade Wall |
| 15:00 | Build | House |
| 15:08 | Create | Villager (Male) |
| 15:12 | Build | Farm |
| 15:43 | Build | Mining Camp |
| 16:02 | Build | Farm |
| 16:06 | Build | Farm |
| 16:08 | Build | Farm |
| 16:12 | Create | Villager (Male) |
| 16:18 | Build | Farm |
| 16:21 | Build | Farm |
| 16:29 | Create | Villager (Male) |
| 16:54 | Build | Blacksmith |
| 17:22 | Research | Wheelbarrow |
| 17:54 | Build | Farm |
| 18:25 | Research | Castle Age |
| 18:42 | Build | Barracks |
| 18:43 | Build | Barracks |
| 18:50 | Research | Scale Mail Armor |
| 18:51 | Research | Scale Mail Armor |
| 19:12 | Research | Gold Mining |
| 19:21 | Create | Militia |
| 19:46 | Create | Villager (Male) |
| 19:48 | Create | Militia |
| 19:52 | Create | Militia |
| 19:52 | Create | Militia |
| 20:19 | Research | Forging |
| 20:37 | Build | Farm |
| 20:40 | Build | Farm |
| 20:47 | Build | Farm |
| 20:49 | Create | Villager (Male) |
| 20:52 | Create | Militia |
| 20:54 | Create | Militia |
| 21:08 | Research | Arson |
| 21:17 | Age | Castle Age |
| 21:24 | Research | Gambesons |
| 21:27 | Research | Squires |
| 21:35 | Create | Villager (Male) |
| 21:44 | Build | Farm |
| 21:51 | Build | Farm |
| 22:05 | Build | Castle |
| 22:08 | Research | Long Swordsman (upgrade) |
| 22:08 | Create | Militia |
| 22:15 | Create | Militia |
| 22:15 | Create | Militia |
| 22:24 | Build | Monastery |
| 22:30 | Create | Villager (Male) |
| 22:38 | Build | Mining Camp |
| 22:45 | Create | Militia |
| 22:46 | Create | Militia |
| 22:48 | Create | Villager (Male) |
| 23:17 | Build | Castle |
| 23:24 | Create | Militia |
| 23:27 | Create | Militia |
| 23:27 | Create | Militia |
| 23:42 | Build | House |
| 23:43 | Build | House |
| 23:44 | Build | House |
| 23:46 | Build | House |
| 23:50 | Create | Villager (Male) |
| 24:02 | Create | Villager (Male) |
| 24:07 | Create | Militia |
| 24:33 | Build | Siege Workshop |
| 24:39 | Create | Villager (Male) |
Build order — henrylinodopto
First 150 of 298 actions detected
| 0:03 | Build | House |
| 0:03 | Create | Villager (Male) |
| 0:04 | Create | Villager (Male) |
| 0:04 | Create | Villager (Male) |
| 0:04 | Create | Villager (Male) |
| 0:05 | Build | House |
| 1:46 | Create | Villager (Male) |
| 1:58 | Build | Lumber Camp |
| 2:11 | Create | Villager (Male) |
| 2:11 | Create | Villager (Male) |
| 3:01 | Create | Villager (Male) |
| 3:01 | Create | Villager (Male) |
| 3:40 | Build | House |
| 3:48 | Create | Villager (Male) |
| 3:58 | Create | Villager (Male) |
| 4:25 | Build | Mill |
| 4:37 | Create | Villager (Male) |
| 4:39 | Create | Villager (Male) |
| 5:12 | Create | Villager (Male) |
| 5:15 | Build | House |
| 5:56 | Create | Villager (Male) |
| 6:07 | Build | Mill |
| 6:17 | Create | Villager (Male) |
| 6:41 | Research | Loom |
| 7:24 | Research | Feudal Age |
| 7:37 | Build | Mill |
| 8:35 | Build | Mining Camp |
| 9:34 | Age | Feudal Age |
| 9:50 | Build | Blacksmith |
| 9:57 | Research | Double-Bit Axe |
| 10:02 | Create | Villager (Male) |
| 10:02 | Create | Villager (Male) |
| 11:13 | Build | Barracks |
| 11:18 | Create | Villager (Male) |
| 11:42 | Create | Villager (Male) |
| 11:44 | Create | Villager (Male) |
| 12:10 | Build | Archery Range |
| 12:27 | Create | Villager (Male) |
| 12:28 | Create | Villager (Male) |
| 12:45 | Create | Villager (Male) |
| 12:54 | Create | Archer |
| 12:54 | Create | Archer |
| 12:54 | Create | Archer |
| 13:13 | Build | House |
| 13:16 | Build | House |
| 13:21 | Research | Wheelbarrow |
| 13:47 | Build | House |
| 13:49 | Build | House |
| 14:37 | Create | Villager (Male) |
| 14:37 | Create | Villager (Male) |
| 14:40 | Create | Archer |
| 14:56 | Build | Mill |
| 14:59 | Create | Villager (Male) |
| 14:59 | Create | Villager (Male) |
| 15:36 | Create | Archer |
| 16:06 | Create | Villager (Male) |
| 16:43 | Create | Archer |
| 16:45 | Create | Archer |
| 16:52 | Build | House |
| 17:42 | Research | Castle Age |
| 17:52 | Create | Archer |
| 18:03 | Create | Archer |
| 18:08 | Build | Archery Range |
| 18:31 | Research | Gold Mining |
| 18:34 | Create | Archer |
| 18:41 | Create | Archer |
| 18:53 | Build | House |
| 18:55 | Build | House |
| 18:56 | Build | House |
| 18:57 | Build | House |
| 19:22 | Create | Archer |
| 19:46 | Create | Archer |
| 19:50 | Create | Archer |
| 19:59 | Research | Fletching |
| 20:16 | Create | Villager (Male) |
| 20:17 | Create | Villager (Male) |
| 20:17 | Create | Villager (Male) |
| 20:18 | Create | Villager (Male) |
| 20:22 | Age | Castle Age |
| 20:25 | Build | Town Center |
| 20:59 | Build | House |
| 21:00 | Build | House |
| 21:01 | Build | House |
| 21:05 | Research | Crossbowman (upgrade) |
| 21:46 | Research | Bodkin Arrow |
| 21:50 | Create | Villager (Male) |
| 21:59 | Build | House |
| 22:01 | Build | House |
| 22:03 | Build | House |
| 22:30 | Create | Villager (Male) |
| 22:34 | Research | Horse Collar |
| 22:35 | Create | Villager (Male) |
| 23:08 | Build | Farm |
| 23:11 | Build | Farm |
| 23:12 | Create | Villager (Male) |
| 23:12 | Create | Villager (Male) |
| 23:17 | Build | Farm |
| 23:52 | Build | Farm |
| 23:53 | Create | Villager (Male) |
| 23:57 | Build | Farm |
| 24:04 | Create | Villager (Male) |
| 24:04 | Create | Villager (Male) |
| 24:29 | Build | Farm |
| 24:30 | Create | Villager (Male) |
| 24:30 | Create | Villager (Male) |
| 24:33 | Build | Farm |
| 24:36 | Build | Town Center |
| 24:37 | Create | Villager (Male) |
| 24:37 | Create | Villager (Male) |
| 25:04 | Create | Villager (Male) |
| 25:04 | Create | Villager (Male) |
| 25:07 | Build | Farm |
| 25:09 | Build | Farm |
| 25:34 | Build | Farm |
| 25:37 | Create | Archer |
| 25:37 | Create | Archer |
| 25:37 | Create | Archer |
| 25:38 | Create | Archer |
| 25:38 | Create | Archer |
| 26:28 | Create | Archer |
| 26:28 | Create | Archer |
| 26:47 | Create | Villager (Male) |
| 26:47 | Create | Villager (Male) |
| 26:47 | Create | Villager (Male) |
| 27:49 | Create | Villager (Male) |
| 27:50 | Create | Villager (Male) |
| 28:55 | Create | Villager (Male) |
| 28:56 | Create | Villager (Male) |
| 28:56 | Create | Villager (Male) |
| 28:56 | Create | Villager (Male) |
| 28:56 | Create | Villager (Male) |
| 28:58 | Create | Villager (Male) |
| 28:58 | Create | Villager (Male) |
| 28:58 | Create | Villager (Male) |
| 29:00 | Create | Villager (Male) |
| 29:00 | Create | Villager (Male) |
| 29:01 | Create | Villager (Male) |
| 29:29 | Create | Villager (Male) |
| 29:29 | Create | Villager (Male) |
| 29:29 | Create | Villager (Male) |
| 29:33 | Build | Farm |
| 29:49 | Create | Villager (Male) |
| 29:50 | Create | Villager (Male) |
| 30:04 | Create | Villager (Male) |
| 30:45 | Create | Villager (Male) |
| 30:46 | Create | Villager (Male) |
| 30:46 | Create | Villager (Male) |
| 31:08 | Create | Villager (Male) |
| 31:09 | Create | Villager (Male) |
| 31:09 | Create | Villager (Male) |
Match timeline
| 4:50 | Hingle_McCringleberry · wall_segment Palisade Wall x1 |
| 4:51 | Hingle_McCringleberry · wall_segment Palisade Wall x1 |
| 5:00 | Hingle_McCringleberry · wall_segment Palisade Wall x3 |
| 5:01 | Hingle_McCringleberry · wall_segment Palisade Wall x1 |
| 5:02 | Hingle_McCringleberry · wall_segment Palisade Wall x1 |
| 6:54 | Hingle_McCringleberry · wall_segment Palisade Wall x11 |
| 8:23 | Hingle_McCringleberry · first_building Barracks |
| 8:54 | Hingle_McCringleberry · wall_segment Palisade Wall x4 |
| 8:58 | Hingle_McCringleberry · wall_segment Palisade Wall x4 |
| 9:14 | Hingle_McCringleberry · wall_segment Palisade Wall x1 |
| 9:16 | Hingle_McCringleberry · wall_segment Palisade Wall x1 |
| 9:34 | henrylinodopto · age_up feudal |
| 11:13 | henrylinodopto · first_building Barracks |
| 11:14 | Hingle_McCringleberry · wall_segment Palisade Wall x5 |
| 11:17 | Hingle_McCringleberry · age_up feudal |
| 12:10 | henrylinodopto · first_building Archery Range |
| 13:18 | Hingle_McCringleberry · wall_segment Palisade Wall x4 |
| 14:57 | Hingle_McCringleberry · wall_segment Palisade Wall x2 |
| 15:56 | Hingle_McCringleberry · first_market_buy 100 food |
| 19:44 | Hingle_McCringleberry · first_market_sell 100 wood |
| 20:22 | henrylinodopto · age_up castle |
| 21:17 | Hingle_McCringleberry · age_up castle |
| 22:05 | Hingle_McCringleberry · first_building Castle |
| 22:24 | Hingle_McCringleberry · first_building Monastery |
| 24:33 | Hingle_McCringleberry · first_building Siege Workshop |
| 33:30 | henrylinodopto · first_building Monastery |
| 36:56 | Hingle_McCringleberry · first_building Archery Range |
| 37:26 | henrylinodopto · first_building Castle |
| 39:01 | henrylinodopto · age_up imperial |
| 40:22 | henrylinodopto · wall_segment Palisade Wall x1 |
| 43:56 | Hingle_McCringleberry · resign |
[ AI ANALYSIS · 1 CREDIT ]
What really happened in this match?
Wolo.gg analyzes every decision: build order, eco, micro, common mistakes by bracket. Personalized analysis on WhatsApp or Discord in 30 seconds.
Civ guide
Japanese
Map guide
Mountain Ridge
Perfil
Hingle_McCringleberry